 Dungeon Crawl Stone Soup version 0.22-a0-113-gdd6f4a9394 (webtiles) character file.

65 Ordine the Magician (level 3, -8/19 HPs)
             Began as a Deep Elf Wizard on Jan 28, 2018.
             Mangled by an orc
             ... wielding a +0 flail
              (11 damage)
             ... on level 2 of the Dungeon.
             The game lasted 00:06:44 (2564 turns).

Ordine the Magician (Deep Elf Wizard)               Turns: 2564, Time: 00:06:45

Health: -8/19      AC:  2    Str:  4    XL:     3   Next: 92%
Magic:  1/11       EV: 19    Int: 23    God:
Gold:   131        SH:  0    Dex: 18    Spells: 2/11 levels left

rFire    . . .     SeeInvis .   g - +0 dagger
rCold    . . .     Gourm    +   (no shield)
rNeg     . . .     Faith    .   a - +0 robe
rPois    .         Spirit   .   b - +0 hat
rElec    .         Reflect  .   (no cloak)
rCorr    .         Harm     .   (no gloves)
MR       .....                  (no boots)
Stlth    +++.......             f - amulet of the gourmand
HPRegen  0.06/turn              (no ring)
MPRegen  0.12/turn              (no ring)

@: agile, very slightly contaminated
A: no striking features
a: no special abilities


You were on level 2 of the Dungeon.
You were very full.

You visited 1 branch of the dungeon, and saw 3 of its levels.

You collected 131 gold pieces.

Inventory:

Hand Weapons
 g - a +0 dagger (weapon)
Armour
 a - a +0 robe (worn)
 b - a +0 hat (worn)
Jewellery
 f - an amulet of the gourmand (around neck)
Scrolls
 i - a scroll of amnesia
 k - a scroll of remove curse
Potions
 e - a potion of mutation {unknown}
 h - 2 potions of lignification {unknown}
Books
 c - a book of Minor Magic

   Spells                             Type                      Level
   a - Magic Dart                     Conjuration                  1
   b - Blink                          Translocation                2
   c - Call Imp                       Summoning                    2
   d - Slow                           Hexes                        2
   e - Conjure Flame                  Conjuration/Fire             3
   f - Mephitic Cloud                 Conjuration/Poison/Air       3
Comestibles
 d - 3 rations


   Skills:
 - Level 3.0 Dodging
 - Level 3.0 Stealth
 + Level 4.9 Spellcasting
 * Level 2.7 Conjurations
   Level 1.1 Summonings
 + Level 1.3 Translocations
 + Level 0.7 Fire Magic
 + Level 0.3 Air Magic


You had 2 spell levels left.
You knew the following spells:

 Your Spells              Type           Power        Failure   Level  Hunger
a - Magic Dart            Conj           ###.         3%          1    None
b - Blink                 Tloc           N/A          9%          2    None
c - Conjure Flame         Conj/Fire      ##......     14%         3    ##.....
d - Mephitic Cloud        Conj/Pois/Air  ##......     19%         3    ##.....


Dungeon Overview and Level Annotations

Branches:
Dungeon (3/15)

Altars:
Ashenzari
Gozag
Hepliaklqana
Beogh


Message History

The jackal bites you.
* * * LOW HITPOINT WARNING * * *
The jackal barely misses you.
It was a potion of agility.
You feel agile all of a sudden. The orc misses you.
The jackal barely misses you. The jackal misses you.
The jackal completely misses you. The jackal barely misses you.
Casting: Magic Dart (safe; 3% risk of failure)
Confirm with . or Enter, or press ? or * to list all spells.
Aiming: Magic Dart (safe; 3% risk of failure)
Press: ? - help, Shift-Dir - straight line, f/p - orc
Aim: an orc, wielding a flail and wearing a runed ring mail (heavily wounded)
You miscast Magic Dart.
You are very lightly contaminated with residual magic.
Nothing appears to happen.
The jackal misses you. The orc hits you with a flail!
Ouch! That really hurt!
You die...

#..#.............# #.............
#..#.............###..###+###....
......................# #.# #....
###...............##..###.###....
# #...............###.'.._###.#..
# #...................###.###.#..
###...................# #.# #.###
.##...................###'###.#
.....[.###).....@..##.........#
.####..# #.####.oh.##.##.##...###
.......###.#..#..................
<........................########
.#.................#####.........
.....#..#..........# ##########
........##.........# ############
#........#.......### #..........#
#........#.......# ###.#......#.#


You could see an orc and a jackal.

Vanquished Creatures
  An adder (D:2)
  A worm (D:1)
  A dart slug (D:1)
  An orc (D:3)
  5 bats
  4 giant cockroaches
  8 goblins
  6 hobgoblins
  8 kobolds
  A quokka (D:2)
  A ball python (D:2)
  4 frilled lizards
  8 rats
49 creatures vanquished.

Notes
Turn   | Place    | Note
-------+----------+-------------------------------------------
     0 | D:1      | Ordine the Deep Elf Wizard began the quest for the Orb.
     0 | D:1      | Reached XP level 1. HP: 10/10 MP: 7/7
    94 | D:1      | Found a roughly hewn altar of Beogh.
    94 | D:1      | Noticed an orc priest
    94 | D:1      | Noticed an orc warrior
    94 | D:1      | Noticed an orc priest
   492 | D:1      | Reached XP level 2. HP: 15/15 MP: 2/9
  1478 | D:1      | Reached XP level 3. HP: 9/19 MP: 1/11
  1666 | D:2      | Learned a level 2 spell: Blink
  1670 | D:2      | Learned a level 3 spell: Conjure Flame
  1674 | D:2      | Learned a level 3 spell: Mephitic Cloud
  2099 | D:2      | Found a shattered altar of Ashenzari.
  2278 | D:2      | Found an opulent altar of Gozag.
  2354 | D:2      | Found a hazy altar of Hepliaklqana.
  2426 | D:2      | Found an opulent altar of Gozag.
  2564 | D:2      | Mangled by an orc

Vault maps used:
D:1:      erik_arrival_cave_to_civilisation
D:2:      ashenzari_conservatory_becter, overflow_temple_1_default,
          lemuel_doored_altar, nicolae_gozag_cash_rules_everything_around_me
D:3:      uniq_jessica

Skill      XL: |  1  2  3 |
---------------+----------+-----
Conjurations   | 2 |  2.7
Stealth        | 3 |  3.0
Dodging        | 3 |  3.0
Spellcasting   | |  4.9
Summonings     | |  1.1
Translocations | |  1.3
Fire Magic     | |  0.7
Air Magic      | |  0.3

Action                   || total
-------------------------++-------
Melee: Dagger            ||     4
 Cast: Magic Dart        ||   141
  Use: Scroll            ||     7
       Potion            ||     1
  Eat: Chunk             ||    11
Armor: Robe              ||    12
Dodge: Dodged            ||    36

Table legend:
 A = Spawn XP
 B = Non-spawn XP
 C = Spawn XP percentage of total XP
 D = Spawn monster count
 E = Non-spawn monster count
 F = Spawn count percentage of total count
 G = Total turns spent on level
                    A         B        C        D         E        F      G
               +---------+---------+-------+---------+---------+-------+---------
         Total |       0 |      93 |   0.0 |       0 |      49 |   0.0 |  2564
               +---------+---------+-------+---------+---------+-------+---------
           D:1 |       0 |      44 |   0.0 |       0 |      23 |   0.0 |  1879
           D:2 |       0 |      46 |   0.0 |       0 |      25 |   0.0 |   675
           D:3 |       0 |       3 |   0.0 |       0 |       1 |   0.0 |    10
               +---------+---------+-------+---------+---------+-------+---------
